 Dungeon Crawl Stone Soup version 0.30-a0-757-ga6a79fd877 (webtiles) character file.

Game seed: 18205023888941391293

6944 jimonade the Thaumaturge (level 11, -5/68 HPs)
             Began as a Djinni Venom Mage on Feb 9, 2023.
             Was an Initiate of Ashenzari.
             Slain by a komodo dragon (19 damage)
             ... on level 1 of the Lair of Beasts.
             The game lasted 00:31:44 (8351 turns).

jimonade the Thaumaturge (Djinni Venom Mage)        Turns: 8351, Time: 00:31:45

Health: -5/68      AC: 11    Str: 13    XL:     11   Next: 28%
Gold:   549        EV: 12    Int: 19    God:    Ashenzari [......] SH:  0 Dex: 15

rFire   + + .      SeeInvis .    a - +4 scimitar
rCold   x . .      Faith    .    q - orb {*Rage}
rNeg    . . .      Spirit   .    P - +5 ring mail "Ulacy" {Str+2 Int+3}
rPois   ∞          Reflect  .    X - +0 helmet "I Knew You'd Do That" {Range, Self} (curse)
rElec   .          Harm     .    (no cloak)
rCorr   .          Rampage  .    (no gloves)
Will    +....      Rage     20%  (boots unavailable)
Stlth   +                        c - amulet of regeneration
HPRegen 1.11/turn                (no ring)
MPRegen 0.00/turn                (no ring)

@: on berserk cooldown, animating dead, flying, slowed, very slow
A: sickness immunity, fire resistance 2, cold vulnerability 1, float, innate
caster, HP casting, extra vitality 1
a: Renounce Religion, Shatter the Chains


You were on level 1 of the Lair of Beasts.
You worshipped Ashenzari.
Ashenzari was noncommittal.
You visited 3 branches of the dungeon, and saw 11 of its levels.

You collected 549 gold pieces.

Inventory:

Hand Weapons
 a - a +4 scimitar (weapon)
 b - a +2 dagger of venom
 M - a +1 rapier of protection
 S - a +3 dagger
 U - a +4 great sword of freezing
Missiles
 h - 3 throwing nets
 Q - 2 curare-tipped darts
Armour
 l - a +0 ring mail
 m - a +0 leather armour
 q - an orb of wrath (worn)
 t - a +0 buckler
 C - the +1 scale mail of Slovenliness {Will+}
   (You found it on level 4 of the Dungeon)

   Will:      It increases your willpower.
 P - the +5 ring mail "Ulacy" (worn) {Str+2 Int+3}
   (You found it on level 6 of the Dungeon)

   Str:       It affects your strength (+2).
   Int:       It affects your intelligence (+3).
 X - the cursed +0 helmet "I Knew You'd Do That" (worn) {Range, Self}
   (You found it on level 8 of the Dungeon)

   It has a curse which improves the following skills: Ranged Combat: Ranged
   Weapons and Throwing.
   Introspection: Fighting and Spellcasting.
Magical Staves
 p - a staff of death
 Y - a staff of fire
Jewellery
 c - an amulet of regeneration (around neck)
 w - a ring of fire
Wands
 y - a wand of iceblast (25)
 J - a wand of quicksilver (5)
 L - a wand of flame (16)
Scrolls
 g - a scroll of immolation {unknown}
 i - 14 scrolls of identify {unknown}
 j - a scroll of enchant weapon {unknown}
 o - 6 scrolls of teleportation {unknown}
 s - 2 scrolls of poison {unknown}
 x - 2 scrolls of brand weapon {unknown}
 F - 2 scrolls of vulnerability {unknown}
 G - 3 scrolls of fear {unknown}
 H - 5 scrolls of noise {unknown}
 N - 2 scrolls of enchant armour {unknown}
 O - 2 scrolls of fog {unknown}
 V - a scroll of butterflies {unknown}
 W - 2 scrolls of blinking {unknown}
 Z - a scroll of acquirement {unknown}
Potions
 d - a potion of attraction {unknown}
 e - 2 potions of invisibility {unknown}
 f - 3 potions of degeneration {unknown}
 n - a potion of haste {unknown}
 r - 4 potions of curing {unknown}
 u - 2 potions of berserk rage {unknown}
 v - 2 potions of brilliance {unknown}
 z - a potion of ambrosia {unknown}
 A - 2 potions of flight {unknown}
 B - 2 potions of lignification {unknown}
 D - a potion of heal wounds {unknown}
 E - 4 potions of magic
 I - 2 potions of cancellation {unknown}
 K - 2 potions of mutation {unknown}
 R - a potion of experience {unknown}


   Skills:
 + Level 1.9(2.2) Fighting
 + Level 2.0 Long Blades
 + Level 2.9 Armour
 + Level 4.0 Dodging
 - Level 1.5 Stealth
 * Level 12.3(12.7) Spellcasting


You had 12 spell levels left.
You knew the following spells:

 Your Spells              Type           Power      Damage    Failure   Level
a - Sting                 Tmut/Pois      100%       1d8       1%          1
b - Poisonous Vapours     Pois/Air       100%       N/A       1%          2
c - Mephitic Cloud        Conj/Pois/Air  57%        N/A       1%          3
d - Olgreb's Toxic Radia  Pois           57%        N/A       1%          4
e - Beastly Appendage     Tmut           100%       N/A       1%          1
f - Passwall              Tmut/Erth      47%        N/A       1%          2
g - Tukima's Dance        Hex            57%        N/A       1%          3
h - Confusing Touch       Hex            57%        N/A       1%          3
i - Animate Dead          Necr           57%        N/A       1%          4
Your spell library was empty.

Dungeon Overview and Level Annotations

Branches:
Dungeon (9/15)             Temple (1/1) D:6            Lair (1/5) D:8
    Orc (0/2) D:9

Altars:
Ashenzari
Cheibriados
Dithmenos
Elyvilon
Fedhas
Gozag
Hepliaklqana
Makhleb
Nemelex Xobeh
Okawaru
Qazlal
Ru
Trog
Uskayaw
Wu Jian
Xom
Yredelemnul
Zin
The Shining One

Shops:
D:4 *   D:7 :


Innate Abilities, Weirdness & Mutations

You are immune to sickness and miasma.
You are immune to poison.
Your flesh is very heat resistant. (rF++)
You are vulnerable to cold. (rC-)
You float through the air rather than walking.
You learn spells naturally, not from books.
Your magical power is your life essence.
You have superior vitality. (+4 MHP)


Message History

You slash the water moccasin!
You kill the water moccasin!
The dead are slithering!
No target in view!
No target in view!
You start resting.
You feel a strong urge to attack something.
You start resting.
You feel your anger nearly subside.
You are no longer berserk.
You are exhausted.
You feel yourself slow down.
You start resting.
HP restored.
You swap places.
Your reaping aura is weakening.
Your reaping aura expires.
A komodo dragon comes into view.
Found 6 large rocks.
The komodo dragon hisses angrily.
Casting: Animate Dead (dangerous; 1% risk of failure)
Confirm with . or Enter, or press ? or * to list all spells.
You dismiss your zombies and call upon the dead to rise afresh.
Casting: Animate Dead (dangerous; 1% risk of failure)
Confirm with . or Enter, or press ? or * to list all spells.
Your hands begin to glow red.
You closely miss the komodo dragon. The komodo dragon bites you!
The komodo dragon barely misses you.
You hit the komodo dragon but do no damage.
The komodo dragon bites you! The komodo dragon closely misses you.
You hit the komodo dragon but do no damage.
The komodo dragon bites you!! The komodo dragon bites you!
You are too injured to fight recklessly!
You are too injured to fight recklessly!
You hit the komodo dragon but do no damage.
The komodo dragon bites you but does no damage.
The komodo dragon bites you!
* * * LOW HITPOINT WARNING * * *
You hit the komodo dragon but do no damage.
The komodo dragon appears confused.
The komodo dragon bites you!!
You die...

### # ....#.## ####
......#.## #..#####
.......#.####......##
......l@#..#........##
........##...........#
........###.........##
.......## #........##
....... #.......##
......# #.......#
...... #....####
(....# ##..### #..##


You could see a komodo dragon (confused).

Vanquished Creatures
  Harold (D:9)
  A komodo dragon (D:8)
  Grinder (D:6)
  2 shadows
  11 yaks
  2 steam dragons
  Eustachio (D:6)
  Edmund (D:6)
  A water moccasin (Lair:1)
  A black bear (D:3)
  2 ice beasts
  4 orc warriors
  A sky beast (D:7)
  An ogre (D:6)
  A centaur (D:9)
  2 kobold brigands
  3 necrophages
  4 bullfrogs
  A scorpion (D:6)
  3 wights (D:7)
  9 killer bees (D:8)
  5 howler monkeys
  2 jellies (D:4)
  2 gnoll boudas
  2 orc priests
  4 hounds
  3 iguanas
  6 orc wizards
  9 gnolls
  13 adders
  A shadow imp (D:7)
  3 white imps
  An ufetubus (D:5)
  A worm (D:5)
  3 dart slugs
  31 orcs
  4 endoplasms
  4 giant cockroaches
  3 goblins
  7 hobgoblins
  4 jackals (D:3)
  5 quokkas
  14 ball pythons
  8 bats
  3 frilled lizards
  14 kobolds
  10 rats
215 creatures vanquished.

Vanquished Creatures (collateral kills)
  A wyvern (D:9)
  2 wights (D:7)
  2 orcs (D:4)
  A kobold (D:4)
6 creatures vanquished.

Vanquished Creatures (others)
  2 dancing weapons
  An ogre (D:8)
  41 plants
44 creatures vanquished.

Grand Total: 265 creatures vanquished

Notes
Turn   | Place    | Note
-------+----------+-------------------------------------------
     0 | D:1      | jimonade the Djinni Venom Mage began the quest for the Orb.
     0 | D:1      | jimonade set off with the following spells memorised:
                  | Sting, Poisonous Vapours, Mephitic Cloud, Olgreb's Toxic
                  | Radiance.
     0 | D:1      | Reached XP level 1. HP: 15/15 MP: 0/0
   113 | D:1      | Reached XP level 2. HP: 18/21 MP: 0/0
   214 | D:1      | Reached skill level 3 in Spellcasting
   352 | D:1      | Reached XP level 3. HP: 17/25 MP: 0/0
   352 | D:1      | Learned a level 1 spell: Beastly Appendage
   753 | D:2      | Reached XP level 4. HP: 28/31 MP: 0/0
  1048 | D:2      | Reached skill level 4 in Spellcasting
  1215 | D:2      | Reached XP level 5. HP: 30/35 MP: 0/0
  1215 | D:2      | Learned a level 2 spell: Passwall
  1942 | D:3      | Noticed a black bear
  1978 | D:3      | Killed a black bear
  1979 | D:3      | Reached skill level 5 in Spellcasting
  1979 | D:3      | Reached XP level 6. HP: 38/40 MP: 0/0
  2274 | D:4      | Reached XP level 7. HP: 33/46 MP: 0/0
  2274 | D:4      | Learned a level 3 spell: Tukima's Dance
  2358 | D:4      | Identified the +1 scale mail of Slovenliness {Will+}
  2643 | D:4      | Found Lagg's Assorted Antiques.
  3017 | D:5      | Entered Level 5 of the Dungeon
  3059 | D:5      | Reached skill level 6 in Spellcasting
  3622 | D:6      | Reached XP level 8. HP: 47/51 MP: 0/0
  3635 | D:6      | Noticed Grinder
  3655 | D:6      | Paralysed by Grinder for 2 turns
  3661 | D:6      | Killed Grinder
  3662 | D:6      | Reached skill level 7 in Spellcasting
  3973 | D:6      | Found a staircase to the Ecumenical Temple.
  3981 | Temple   | Entered the Ecumenical Temple
  4054 | Temple   | Became a worshipper of Ashenzari the Shackled
  4163 | D:6      | Noticed Edmund
  4177 | D:6      | Killed Edmund
  4260 | D:6      | Noticed Eustachio
  4270 | D:6      | Killed Eustachio
  4271 | D:6      | Reached skill level 1 in Fighting
  4271 | D:6      | Reached skill level 8 in Spellcasting
  4305 | D:6      | Reached XP level 9. HP: 42/57 MP: 0/0
  4305 | D:6      | Learned a level 3 spell: Confusing Touch
  4346 | D:6      | Identified the +5 ring mail "Ulacy" {Str+2 Int+3}
  4463 | D:6      | Found a sacrificial altar of Ru.
  4696 | D:6      | Found a hazy altar of Hepliaklqana.
  4741 | D:6      | Found a sparkling altar of Nemelex Xobeh.
  5123 | D:7      | Reached skill level 9 in Spellcasting
  5381 | D:7      | Found Kukh's Book Boutique.
  5657 | D:7      | Reached skill level 1 in Armour
  6237 | D:8      | Reached skill level 10 in Spellcasting
  6237 | D:8      | Reached XP level 10. HP: 47/63 MP: 0/0
  6610 | D:8      | Reached skill level 1 in Long Blades
  6708 | D:8      | Reached skill level 11 in Spellcasting
  7063 | D:8      | Noticed a komodo dragon
  7076 | D:8      | Killed a komodo dragon
  7093 | D:8      | Found a staircase to the Lair.
  7420 | D:9      | Reached XP level 11. HP: 68/68 MP: 0/0
  7420 | D:9      | Learned a level 4 spell: Animate Dead
  7609 | D:9      | Noticed Harold
  7635 | D:9      | Killed Harold
  7636 | D:9      | Reached skill level 12 in Spellcasting
  7752 | D:9      | Found a staircase to the Orcish Mines.
  7878 | D:9      | Found a burning altar of Makhleb.
  8202 | Lair:1   | Entered Level 1 of the Lair of Beasts
  8351 | Lair:1   | Slain by a komodo dragon

Illustrated notes

Levels and vault maps discovered:
D:1:      nicolae_arrival_memento_mori, layout_rooms, minmay_cut_off
D:2:      minmay_razor_zed, layout_basic, st_stairs_9, minmay_bisected
D:3:      layout_rooms
D:4:      layout_basic, serial_shops, kennysheep_mini, minmay_checkerbox
D:5:      layout_rooms
D:6:      lemuel_ice_spiral_2, layout_basic, nicolae_ru_awakened_eye,
          mainiacjoe_overflow_two_lobes, minmay_temple_entry_statues_fountains,
          uniq_eustachio, uniq_edmund, uniq_grinder
D:7:      layout_basic, serial_shops, nicolae_shop_waterfront,
          chequers_serial_rivers_large_a, nrook_mini_backslash
D:8:      layout_basic, david_lair_shrubbed, grunt_ogre_cave
D:9:      layout_basic, lightli_temple_of_fire, orc_0_dummy, uniq_harold
Temple:   regret_index_temple_mists
Lair:1:   layout_cave_pods, grunt_megastairs_1

Skill      XL: |  1  2  3  4  5  6  7  8  9 10 11 |
---------------+----------------------------------+-----
Spellcasting   | 3 4 5 6 8 10 11 12 | 12.3
Fighting       | 1 |  1.9
Dodging        | 3 4 |  4.0
Armour         | 1 2 |  2.9
Long Blades    | 1 2 |  2.0
Stealth        | |  1.5

Action                     |  1- 3 |  4- 6 |  7- 9 | 10-12 || total
---------------------------+-------+-------+-------+-------++-------
  Melee: Dagger            |     1 |    15 |    64 |       ||    80
         Scimitar          |       |       |     5 |    55 ||    60
   Cast: Sting             |    62 |    63 |     6 |       ||   131
         Poisonous Vapours |       |    81 |   104 |    58 ||   243
         Mephitic Cloud    |       |     3 |     6 |     1 ||    10
         Tukima's Dance    |       |       |    12 |     3 ||    15
         Olgreb's Toxic Ra |       |       |    22 |    31 ||    53
         Beastly Appendage |       |       |     1 |       ||     1
         Confusing Touch   |       |       |       |     7 ||     7
         Animate Dead      |       |       |       |     3 ||     3
 Invoke: Curse Item        |       |       |       |     1 ||     1
   Stab: Confused          |       |       |       |     5 ||     5
 Armour: Robe              |     5 |    16 |     8 |       ||    29
         Ring mail         |       |       |    19 |    35 ||    54
  Dodge: Dodged            |    16 |    56 |    53 |    63 ||   188

Table legend: (Time is in decaauts)
 A = Elapsed time spent in this place.
 B = Non-inter-level travel time spent in this place.
 C = Inter-level travel time spent in this place.
 D = Time resting spent in this place.
 E = Time spent auto-exploring this place.
 F = Levels seen in this place.
 G = Mean time per level.
                   A        B        C        D        E       F      G
               +--------+--------+--------+--------+--------+-----+--------+
         Total |   8534 |   8218 |    316 |    612 |   5149 |  11 |  775.8 |
       Dungeon |   8206 |   7909 |    297 |    570 |   4966 |   9 |  911.8 |
        Temple |    154 |    136 |     18 |      0 |    115 |   1 |  154.0 |
          Lair |    173 |    173 |      0 |     41 |     68 |   1 |  173.0 |
               +--------+--------+--------+--------+--------+-----+--------+

Top non-repeatable levels by time:
     D:7: 1280 daAuts
     D:6: 1221 daAuts
     D:9: 997 daAuts
     D:8: 974 daAuts
     D:2: 965 daAuts
     D:4: 957 daAuts
     D:1: 628 daAuts
     D:5: 626 daAuts
     D:3: 555 daAuts
  Lair:1: 173 daAuts
  Temple: 154 daAuts
